Map: Terraform LE (Void)

Players

Javert - Winner!

  • Race: Zerg Zerg
  • League: Gold

저글링탐지기

  • Race: Protoss Protoss
  • League: Silver

VOD

Have the link to the VOD?

Description

Time

  • Played on: Sept. 29, 2015, 12:17 a.m.
  • Length: 9:21
Show
View Real Time Build Order
Export as new Build Order

Javert Zerg - Winner!

Build Orders: Pool First 

Get SALT Encoding   

  12  0:01  Drone  
  13  0:14  Overlord  
  13  0:20  Drone  
  14  0:33  Drone  
  14  0:34  Drone  
  16  0:39  Drone  
  17  0:49  Spawning Pool  
  16  0:54  Drone  
  17  1:01  Drone  
  18  1:06  Extractor  
  17  1:20  Hatchery  
  16  1:38  Queen  
  18  1:43  Zergling x4  
  20  2:06  Hatchery  
  19  2:10  Drone  
  19  2:14  Extractor  
  19  2:20  Queen  
  21  2:26  Drone  
  22  2:30  Overlord  
  22  2:44  Drone  
  22  2:45  Drone x3  
  26  2:53  Drone  
  26  2:54  Drone x2  
  28  3:05  Drone  
  28  3:06  Drone x2  
  31  3:14  Drone x2  
  33  3:20  Queen  
  35  3:27  Drone x2  
  36  3:38  Drone x2  
  36  3:39  Drone x3  
  41  3:43  Metabolic Boost  
  41  3:55  Overlord x2  
  41  4:07  Overlord  
  41  4:09  Overlord  
  41  4:15  Drone x9  
  41  4:16  Drone  
  51  4:32  Drone x2  
  51  4:33  Drone x6  
  59  4:44  Lair, Extractor  
  58  4:45  Extractor  
  58  4:46  Extractor  
  58  4:47  Drone x4  
  58  4:48  Drone x5  
  65  4:54  Overlord x2  
  65  5:10  Roach Warren  
  65  5:11  Evolution Chamber  
  65  5:12  Drone x2  
  65  5:13  Drone x5  
  70  5:14  Overlord  
  70  5:15  Evolution Chamber  
  69  5:22  Overlord x2, Extractor  
  69  5:23  Overlord, Extractor  
  69  5:27  Drone x3  
  69  5:28  Drone  
  71  5:30  Drone x2  
  73  5:39  Spine Crawler  
  72  5:43  Spore Crawler  
  72  5:44  Overseer  
  72  5:46  Zerg Missile Weapons Level 1, Zerg Ground Armor Level 1  
  72  5:49  Glial Reconstitution  
  71  5:51  Drone x2  
  71  5:52  Drone  
  71  5:55  Roach x5  
  86  6:04  Roach x4  
  92  6:17  Spine Crawler, Hydralisk Den  
  92  6:18  Roach x2  
  94  6:29  Overseer  
  94  6:31  Roach  
  94  6:32  Roach x4  
  104  6:35  Queen  
  106  6:51  Hydralisk x6  
  118  7:00  Zergling x2  
  118  7:01  Zergling x6  
  122  7:03  Overlord x3  
  122  7:09  Spine Crawler  
  122  7:11  Spine Crawler x2  
  122  7:14  Zergling x6  
  122  7:30  Hydralisk x10  
  122  7:31  Hydralisk x2  
  146  7:37  Muscular Augments  
  146  7:44  Overseer  
  137  8:10  Hydralisk  
  137  8:11  Hydralisk x3  
  137  8:13  Overlord x3  
  137  8:14  Overlord  
  137  8:20  Zergling x2  
  137  8:31  Overlord x2  
  137  8:32  Overlord  
  137  8:43  Hydralisk x9  
  137  8:49  Drone x3  
  137  8:59  Roach x10  
  137  9:04  Hatchery, Ravager  
Show
View Real Time Build Order
Export as new Build Order

저글링탐지기 Protoss 

Build Orders:  

Get SALT Encoding   

  12  0:00  Probe (Chrono Boost)  
  13  0:10  Probe (Chrono Boost)  
  14  0:21  Probe (Chrono Boost), Pylon  
  15  0:39  Probe (Chrono Boost)  
  16  0:49  Probe (Chrono Boost)  
  17  0:59  Probe (Chrono Boost)  
  18  1:09  Forge  
  18  1:20  Nexus  
  18  1:27  Gateway  
  18  1:33  Probe (Chrono Boost)  
  19  1:43  Probe (Chrono Boost)  
  19  1:46  Photon Cannon  
  20  1:52  Assimilator  
  20  1:56  Assimilator  
  20  2:00  Probe (Chrono Boost)  
  21  2:10  Probe (Chrono Boost)  
  22  2:21  Cybernetics Core  
  22  2:27  Cybernetics Core  
  22  2:38  Probe (Chrono Boost), Pylon  
  23  2:48  Probe (Chrono Boost)  
  23  2:49  Probe (Chrono Boost)  
  25  2:58  Probe (Chrono Boost)  
  25  2:59  Probe (Chrono Boost)  
  27  3:12  Adept (Chrono Boost)  
  27  3:16  Probe  
  29  3:28  Probe  
  30  3:36  Robotics Facility  
  30  3:40  Probe (Chrono Boost), Gateway  
  31  3:42  Gateway  
  31  3:44  Pylon  
  31  3:49  Pylon  
  31  3:51  Mothership Core (Chrono Boost)  
  33  3:57  Warp Gate (Chrono Boost)  
  33  4:00  Probe (Chrono Boost)  
  34  4:05  Assimilator  
  34  4:07  Assimilator  
  34  4:09  Probe x2 (Chrono Boost)  
  36  4:18  Probe  
  36  4:20  Probe  
  36  4:23  Observer  
  39  4:25  Sentry  
  39  4:29  Probe (Chrono Boost)  
  42  4:34  Probe (Chrono Boost)  
  43  4:42  Probe (Chrono Boost)  
  43  4:45  Probe (Chrono Boost)  
  44  4:48  Sentry, Adept  
  50  4:54  Probe (Chrono Boost)  
  50  4:55  Probe (Chrono Boost)  
  50  4:57  Protoss Ground Weapons Level 1 (Chrono Boost)  
  51  5:02  Immortal (Chrono Boost)  
  51  5:05  Probe (Chrono Boost)  
  51  5:06  Probe (Chrono Boost)  
  57  5:07  Pylon  
  57  5:15  Probe (Chrono Boost)  
  57  5:18  Probe (Chrono Boost)  
  57  5:19  Pylon  
  59  5:24  Gateway, Probe (Chrono Boost)  
  59  5:27  Gateway  
  60  5:29  Probe  
  61  5:36  Probe  
  61  5:37  Immortal (Chrono Boost)  
  66  5:48  Pylon  
  66  6:15  Stalker x2  
  70  6:21  Warp Prism  
  70  6:23  Pylon  
  70  6:32  Pylon  
  72  6:33  Pylon  
  72  6:38  Sentry x2  
  76  6:40  Adept  
  76  6:41  Stalker x2  
  81  7:08  Pylon  
  81  7:18  Gateway  
  81  7:19  Protoss Ground Armor Level 1 (Chrono Boost)  
  81  7:31  Stalker x2  
  81  7:32  Stalker x2, Zealot  
  91  7:40  Nexus  
  91  7:42  Pylon  
  91  7:45  Pylon  
  91  7:48  Pylon  
  77  8:01  Stalker  
  77  8:02  Stalker x4  
Tags
 
Add a new tag
Caveats
  • Supply blocks, unpowered buildings, or Contaminate may cause inaccurate times.
  • Supply counts are checked every 10 seconds.